 Dungeon Crawl Stone Soup version 0.25-a0-1133-g93ebf739aa (webtiles) character file.

Game seed: 1848503492498954744, levelgen mode: deterministic

8420 vurker the Prestidigitator (level 11, 8/87 HPs)
             Began as a Human Artificer on May 20, 2020.
             Was a Believer of the Shining One.
             Quit the game on level 9 of the Dungeon.
             The game lasted 00:22:16 (14479 turns).

vurker the Prestidigitator (Human Artificer)       Turns: 14479, Time: 00:22:17

Health: 8/87       AC: 17    Str: 16    XL:     11   Next: 55%
Magic:  15/17      EV:  9    Int: 11    God:    the Shining One [**....]
Gold:   401        SH:  8    Dex: 14    Spells: 10/10 levels left

rFire    + . .     SeeInvis .   b - +2 dagger (venom)
rCold    + . .     Gourm    .   (no shield)
rNeg     + . .     Faith    .   D - +3 chain mail {rF+}
rPois    .         Spirit   .   h - +1 helmet
rElec    .         Reflect  .   (no cloak)
rCorr    .         Harm     .   C - +0 pair of gloves
MR       +....                  (no boots)
Stlth    ..........             (no amulet)
HPRegen  0.24/turn              m - ring of protection from magic
MPRegen  0.15/turn              u - ring of protection from cold

@: divine shield, glowing, lightly drained
A: no striking features
a: Divine Shield, Renounce Religion


You were on level 9 of the Dungeon.
You worshipped the Shining One.
The Shining One was pleased with you.
You were hungry.

You visited 2 branches of the dungeon, and saw 12 of its levels.

You collected 401 gold pieces.

Inventory:

Hand Weapons
 a - a +0 long sword
   (You found it on level 4 of the Dungeon)
 b - a +2 dagger of venom (weapon)
   (You found it on level 3 of the Dungeon)
Armour
 h - a +1 helmet (worn)
   (You found it on level 7 of the Dungeon)
 C - a +0 pair of gloves (worn)
   (You found it on level 5 of the Dungeon)
 D - a +3 chain mail of fire resistance (worn)
   (You took it off Edmund on level 6 of the Dungeon)
Jewellery
 l - an uncursed ring of magical power {unknown}
   (You found it on level 10 of the Dungeon)
 m - a ring of protection from magic (left hand)
   (You found it on level 7 of the Dungeon)
 u - a ring of protection from cold (right hand)
   (You found it on level 7 of the Dungeon)
 x - an uncursed ring of flight
   (You took it off an orc on level 3 of the Dungeon)
Wands
 c - a wand of disintegration (6)
   (You found it on level 8 of the Dungeon)
 d - a wand of enslavement (4)
 f - a wand of polymorph (22)
   (You found it on level 4 of the Dungeon)
 t - a wand of flame (1)
Scrolls
 g - 3 scrolls of amnesia
 k - 2 scrolls of fear {unknown}
 n - 3 scrolls of fog {unknown}
 p - 3 scrolls of blinking {unknown}
 v - 5 scrolls of remove curse
 y - 3 scrolls of enchant armour {unknown}
 B - 2 scrolls of random uselessness {unknown}
Potions
 i - 3 potions of flight
 j - a potion of curing
 o - a potion of haste {unknown}
 r - a potion of resistance
 w - 2 potions of lignification
Comestibles
 e - 19 rations
 q - 8 chunks of flesh


   Skills:
 + Level 8.6(8.3) Fighting
 - Level 1.0(3.2) Short Blades
 * Level 5.5(5.2) Long Blades
 + Level 8.5(8.2) Armour
 - Level 5.0(4.7) Dodging
 - Level 1.0(0.7) Stealth
 + Level 5.2(4.9) Invocations
 + Level 9.2(8.9) Evocations


You had 10 spell levels left.
You didn't know any spells.
Your spell library contained the following spells:

 Spells                   Type           Power        Failure   Level  Hunger
 Magic Dart               Conj           #...         99%         1    ##.....
 Blink                    Tloc           N/A          100%        2    ###....
 Call Imp                 Summ           #.......     100%        2    ###....
 Slow                     Hex            #.......     100%        2    ###....
 Confusing Touch          Hex            #.......     100%        3    ####...
 Conjure Flame            Conj/Fire      #.......     100%        3    ####...
 Gell's Gravitas          Tloc           #.........   100%        3    ####...
 Mephitic Cloud           Conj/Pois/Air  #.......     100%        3    ####...
 Petrify                  Tmut/Erth      #.......     100%        4    #####..
 Metabolic Englaciation   Hex/Ice        #.........   100%        5    ######.
 Yara's Violent Unravell  Hex/Tmut       #.........   100%        5    ######.


Dungeon Overview and Level Annotations

Branches:
Dungeon (11/15)            Temple (1/1) D:6
   Lair: D:8-11         Orc: D:9-12

Altars:
Ashenzari
Dithmenos
Elyvilon
Fedhas
Gozag
Kikubaaqudgha
Makhleb
Okawaru
Qazlal
Ru
Sif Muna
Trog
Uskayaw
Vehumet
Yredelemnul
The Shining One

Shops:
D:8 [


Message History

The orc wizard gestures at you while chanting.
The magic dart hits you!
* * * LOW HITPOINT WARNING * * *
You barely miss the orc wizard. The orc wizard closely misses you.
You hit the orc wizard but do no damage.
You hit the orc wizard but do no damage.
The orc wizard gestures wildly while chanting.
The orc wizard flickers and vanishes for a moment.
You open the door.
You kill the orc wizard!
There is an open door here.
An orc wizard comes into view. It is wielding a +0 dagger.
The orc wizard shouts!
An orc and an orc priest come into view.
The orc priest shouts!
The orc shouts!
A divine shield forms around you!
You feel slightly more hungry. You block the wight's attack.
As you read the scroll labeled RINLY FUKLAGAU, it crumbles to dust.
It is a scroll of amnesia.
You feel forgetful for a moment. The wight hits you but does no damage.
You hit the wight but do no damage.
You are feeling hungry.
You hit the wight. The wight closely misses you.
You hit the wight but do no damage.
The orc wizard hits you but does no damage.
The wight completely misses you.
You hit the orc wizard but do no damage.
The orc wizard is poisoned.
The orc wizard hits you but does no damage.
The orc priest looks braver for a moment.
Your chain mail prevents you from hitting the orc wizard.
The wight hits you with a cursed +5 flail.
* * * LOW HITPOINT WARNING * * *
You block the orc wizard's attack.
You hit the orc wizard.
The orc wizard looks as sick as possible!
You block the orc wizard's attack. You block the wight's attack.
You hit the orc wizard.
The orc wizard looks as sick as possible!
You closely miss the orc wizard. The orc wizard completely misses you.
The wight hits you with a cursed +5 flail.
* * * LOW HITPOINT WARNING * * *
You partially resist.
You feel drained.
You hit the orc wizard but do no damage.
The orc wizard casts a spell.
The orc wizard blinks!
The wight hits you with a cursed +5 flail.
* * * LOW HITPOINT WARNING * * *
You partially resist.
You feel drained.
* * * LOW HITPOINT WARNING

* * * ###### #....#
#....############
#######....'..z@ooz....
#.. ..#..).######o.....
##.# #.##'##### .....
...# #.##.#...#### ....
#..###.##.#....... ...
.........=........ ..
...#.#.##......... .
...#.#.#....z..###
...#.#(#.......#


You could see 2 wights, an orc priest, an orc wizard (extremely poisoned) and an
orc.

Vanquished Creatures
  Harold (D:7)
  A two-headed ogre (D:10)
  A hippogriff (D:5)
  6 yaks
  4 hogs
  A human (D:7)
  A hungry ghost (D:7)
  Edmund (D:6)
  2 water moccasins
  An ice beast (D:6)
  7 sky beasts
  A necrophage (D:6)
  3 ogres
  A phantom (D:4)
  8 centaurs
  5 bullfrogs
  2 scorpions
  16 killer bees
  A wight (D:6)
  5 crimson imps
  A hound (D:5)
  A jelly (D:11)
  A quasit (D:5)
  A bullfrog skeleton (D:5)
  A gnoll shaman (D:7)
  4 orc priests
  13 orc wizards
  A centaur skeleton (D:10)
  5 iguanas
  Terence (D:2)
  8 worker ants
  A hound zombie (D:7)
  A worker ant zombie (D:7)
  A howler monkey zombie (D:10)
  5 gnolls
  2 howler monkey skeletons
  16 adders
  4 shadow imps
  2 oozes (D:4)
  4 worms
  5 dart slugs
  6 leopard geckos
  42 orcs
  9 bats
  7 giant cockroaches
  7 goblins
  10 hobgoblins
  10 jackals
  6 quokkas
  8 frilled lizards
  A giant cockroach zombie (D:5)
  2 leopard gecko zombies
  A quokka skeleton (D:8)
  A quokka zombie (D:8)
  5 rats
261 creatures vanquished.

Vanquished Creatures (collateral kills)
  A yak (D:9)
  An orc warrior (D:11)
  A wight (D:6)
  2 orc wizards
  2 orcs
7 creatures vanquished.

Vanquished Creatures (others)
  An orc warrior (D:9)
  A human (D:4)
  A wight (D:6)
  An orc wizard (D:3)
  4 toadstools (D:1)
8 creatures vanquished.

Grand Total: 276 creatures vanquished

Notes
Turn   | Place    | Note
-------+----------+-------------------------------------------
     0 | D:1      | vurker the Human Artificer began the quest for the Orb.
     0 | D:1      | Reached XP level 1. HP: 15/15 MP: 3/3
   537 | D:1      | Reached XP level 2. HP: 21/21 MP: 4/4
  1021 | D:1      | Reached XP level 3. HP: 22/26 MP: 5/5
  1520 | D:2      | Noticed Terence
  1524 | D:2      | Killed Terence
  1524 | D:2      | Reached skill level 1 in Armour
  1524 | D:2      | Reached XP level 4. HP: 27/33 MP: 6/6
  2355 | D:2      | Reached XP level 5. HP: 33/38 MP: 7/7
  3720 | D:3      | Reached XP level 6. HP: 30/46 MP: 8/8
  3960 | D:3      | Reached skill level 4 in Evocations
  4467 | D:3      | Found a shadowy altar of Dithmenos.
  4468 | D:3      | Found a sacrificial altar of Ru.
  4630 | D:3      | Reached XP level 7. HP: 29/51 MP: 10/10
  4771 | D:3      | Found a radiant altar of Vehumet.
  4771 | D:3      | Found a shimmering blue altar of Sif Muna.
  4775 | D:3      | Found an opulent altar of Gozag.
  4775 | D:3      | Found a bloodstained altar of Trog.
  5707 | D:4      | Reached skill level 5 in Dodging
  5752 | D:4      | Found an ancient bone altar of Kikubaaqudgha.
  5754 | D:4      | Noticed a human
  5756 | D:4      | Killed a human
  6054 | D:5      | Entered Level 5 of the Dungeon
  6109 | D:5      | Reached XP level 8. HP: 29/60 MP: 11/11
  6122 | D:5      | Reached skill level 5 in Evocations
  7150 | D:5      | Noticed a hippogriff
  7169 | D:5      | Killed a hippogriff
  7169 | D:5      | Reached skill level 5 in Fighting
  7184 | D:5      | Reached skill level 6 in Evocations
  7379 | D:5      | Reached skill level 5 in Armour
  7379 | D:5      | Reached XP level 9. HP: 46/68 MP: 13/13
  7772 | D:6      | Found a staircase to the Ecumenical Temple.
  7777 | D:6      | Noticed Edmund
  8090 | D:6      | Killed Edmund
  8129 | Temple   | Entered the Ecumenical Temple
  8157 | Temple   | Became a worshipper of the Shining One
  8592 | D:6      | Reached skill level 7 in Evocations
  9108 | D:6      | Found a stormy altar of Qazlal.
  9273 | D:7      | Reached * piety under the Shining One
  9331 | D:6      | Reached XP level 10. HP: 39/78 MP: 15/15
  9913 | D:6      | Reached skill level 1 in Invocations
 10590 | D:7      | Reached skill level 8 in Evocations
 10747 | D:7      | Reached skill level 1 in Long Blades
 10821 | D:7      | Noticed Harold
 10851 | D:7      | Killed Harold
 11275 | D:7      | Found a blossoming altar of Fedhas.
 11752 | D:8      | Reached ** piety under the Shining One
 12547 | D:8      | Found Qaitroe's Antique Armour Boutique.
 12606 | D:8      | Reached XP level 11. HP: 40/86 MP: 17/17
 12842 | D:8      | You fall into a shaft and drop 3 floors!
 12896 | D:11     | Noticed a green ugly thing
 12932 | D:10     | Entered Level 10 of the Dungeon
 13533 | D:10     | Noticed a two-headed ogre
 13540 | D:10     | Killed a two-headed ogre
 13540 | D:10     | Reached skill level 9 in Evocations
 13700 | D:10     | Reached skill level 5 in Long Blades
 13723 | D:10     | Reached skill level 5 in Invocations
 14479 | D:9      | Quit the game

Illustrated notes

Levels and vault maps discovered:
D:1:      ldierk_walled_garden_2, layout_basic
D:2:      layout_basic, minmay_indecisive_spiral, uniq_terence
D:3:      layout_basic, grunt_temple_overflow_open,
          chequers_temple_overflow_statue_of_worship, first_ration
D:4:      layout_loops_corners, tgw_kikubaaqudgha
D:5:      layout_basic, minmay_divided_ellipse
D:6:      layout_loops_cross, lemuel_coloured_pillars_altar,
          minmay_temple_entry_mini_moons, grunt_ministairs_3, uniq_edmund
D:7:      layout_loops_cross, grunt_livestock, fedhas_altar_2, uniq_harold
D:8:      layout_cave_pools, serial_shops, kennysheep_mini_moat, uniq_pikel
D:9:      layout_basic, marbit_many_paths, david_lair_generic,
          gammafunk_ghost_smash, grunt_ministairs_6
D:10:     layout_roguey, serial_shops, shop
D:11:     layout_small_grid, david_orc_3, grunt_decor_one_mirror,
          minmay_misc_feat_columns, minmay_lizard_king
Temple:   cyrus_circular_temple

Skill      XL: |  1  2  3  4  5  6  7  8  9 10 11 |
---------------+----------------------------------+-----
Armour         | 1 2 3 5 6 8 |  8.5
Dodging        | 3 4 5 |  5.0
Fighting       | 2 3 5 7 8 |  8.6
Evocations     | 4 6 7 8 9 |  9.2
Invocations    | 4 5 |  5.2
Long Blades    | 3 5 |  5.5
Short Blades   | |  1.0
Stealth        | |  1.0

Action                   |  1- 3 |  4- 6 |  7- 9 | 10-12 || total
-------------------------+-------+-------+-------+-------++-------
Melee: Short sword       |   104 |   334 |       |       ||   438
       Dagger            |       |    66 |   501 |   457 ||  1024
       Long sword        |       |       |       |   128 ||   128
Invok: Divine Shield     |       |       |       |     4 ||     4
Evoke: Wand              |     1 |    17 |    10 |    16 ||    44
  Use: Scroll            |       |       |       |    12 ||    12
       Potion            |       |       |       |     2 ||     2
 Stab: Confused          |       |     2 |       |       ||     2
  Eat: Chunk             |     2 |    10 |    16 |    13 ||    41
       Ration            |       |       |       |     3 ||     3
Armor: Plate armour      |    87 |   352 |   289 |       ||   728
       Leather armour    |     5 |       |       |       ||     5
       Chain mail        |       |       |    73 |   401 ||   474
Dodge: Dodged            |    22 |    95 |   170 |   362 ||   649
Block: Other             |       |       |       |    34 ||    34
       Rpst.: Long sword |       |       |       |    17 ||    17

Table legend:
 A = Non-vault XP
 B = Vault XP
 C = Vault XP percentage of total XP
 D = Non-vault monster count
 E = Vault monster count
 F = Vault count percentage of total count
                 A         B        C        D         E       F
            +---------+---------+-------+---------+---------+-------
      Total |    9132 |    2897 |  24.1 |     245 |      25 |   9.3
            +---------+---------+-------+---------+---------+-------
        D:1 |      33 |       0 |   0.0 |      16 |       0 |   0.0
        D:2 |     146 |      46 |  24.0 |      30 |       5 |  14.3
        D:3 |     294 |       0 |   0.0 |      38 |       0 |   0.0
        D:4 |     384 |       0 |   0.0 |      18 |       0 |   0.0
        D:5 |     642 |     617 |  49.0 |      25 |      10 |  28.6
        D:6 |    1011 |     364 |  26.5 |      22 |       3 |  12.0
        D:7 |    1518 |    1725 |  53.2 |      33 |       5 |  13.2
        D:8 |    1075 |       0 |   0.0 |      30 |       0 |   0.0
        D:9 |    1161 |       0 |   0.0 |      11 |       0 |   0.0
       D:10 |    2520 |       0 |   0.0 |      17 |       0 |   0.0
       D:11 |     348 |     145 |  29.4 |       5 |       2 |  28.6
            +---------+---------+-------+---------+---------+-------
